AoeStats
← 1791912749

Arena

510039534Analyzed
4v4 RM · 2d ago on Sep 29, 2026· 51m 54s· 8 players
Game mode
Random Map
Map size
Large (8 player)
Population
200
Speed
Normal
Resources
Standard
Victory
Conquest
Starting age
Dark Age
Ending age
Imperial Age
RankedLock teamsTeams togetherTeam positionsShared explorationLock speedFull tech treeHidden civsTurbo modeCheats
Victory
Defeat
🇨🇳 Koreans · China
891
+29
🇨🇳 Spanish · China
877
+16
🇨🇳 Persians · China
852
+17
🇨🇳 Khmer · China
850
+17
🇨🇳 Danes · China
953
-20
🇺🇸 Bohemians · United States
873
-16
🇺🇸 Britons · United States
841
-15
🇲🇽 Mongols · Mexico
811
-14
Depart
0:30 Loom
10:18 Feudal Age
11:34 Wheelbarrow
10:48 Double-Bit Axe
15:08 Castle Age
14:24 Horse Collar
17:41 Bow Saw
20:11 Heavy Plow
23:31 Hand Cart
23:45 Town Watch
24:36 Gold Mining
24:37 Stone Mining
26:36 Stone Shaft Mining
29:50 Imperial Age
28:30 Forging
28:26 Scale Barding Armor
30:18 Iron Casting
29:48 Caravan
30:41 Chain Barding Armor
31:46 Two-Man Saw
32:54 Blast Furnace
32:31 Bloodlines
32:21 Husbandry
31:42 Cavalier
33:54 Plate Barding Armor
34:51 Conscription
33:58 Elite Conquistador
34:46 Padded Archer Armor
35:50 Chemistry
35:10 Ballistics
34:34 Paladin
34:34 Light Cavalry
36:17 Leather Archer Armor
36:25 Light Cavalry
37:26 Masonry
37:11 Murder Holes
37:07 Guard Tower
37:30 Fortified Wall
36:59 Hussar
38:26 Hoardings
39:21 Ring Archer Armor
38:43 Fletching
40:41 Bodkin Arrow
43:21 Architecture
43:14 Town Patrol
45:45 Devotion
47:06 Faith
48:35 Redemption
48:25 Atonement
48:36 Fervor
48:41 Block Printing
48:52 Illumination
48:23 Herbal Medicine
49:03 Theocracy
48:49 Sanctity
48:50 Heresy
50:11 Inquisition
50:31 Supremacy
49:42 Sappers
1791912749
12:36 Feudal Age
14:36 Double-Bit Axe
14:34 Horse Collar
17:59 Wheelbarrow
18:04 Gold Mining
22:18 Castle Age
20:37 Scale Mail Armor
20:47 Forging
23:38 Bow Saw
23:31 Heavy Plow
24:10 Gold Shaft Mining
23:25 Stone Mining
23:34 Stone Mining
24:41 Chain Mail Armor
24:36 Forging
26:28 Stone Shaft Mining
29:59 Squires
31:32 Fortified Wall
35:09 Imperial Age
33:29 Eupseong
34:29 Iron Casting
36:46 Hand Cart
37:27 Elite Fire Lancer
39:35 Plate Mail Armor
40:22 Loom
40:22 Town Watch
41:46 Two-Man Saw
40:59 Heavy Rocket Cart
44:23 Chemistry
43:44 Ballistics
43:22 Murder Holes
43:18 Heated Shot
43:34 Siege Engineers
43:09 Treadmill Crane
43:40 Scale Barding Armor
43:26 Fletching
46:54 Shinkichon
48:09 Conscription
xiaoye
10:21 Feudal Age
11:40 Horse Collar
16:21 Castle Age
14:16 Double-Bit Axe
15:02 Gold Mining
16:27 Loom
18:53 Heavy Plow
25:10 Gold Shaft Mining
26:16 Town Watch
27:08 Wheelbarrow
26:40 Man-at-Arms
27:06 Gambesons
27:59 Long Swordsman
29:13 Scale Mail Armor
29:41 Squires
31:05 Stone Mining
34:29 Imperial Age
33:58 Forging
34:28 Chain Mail Armor
34:39 Bloodlines
34:29 Husbandry
35:21 Conscription
36:22 Light Cavalry
36:23 Heavy Camel Rider
37:44 Hussar
41:36 Scale Barding Armor
42:14 Iron Casting
42:12 Plate Mail Armor
45:31 Capped Ram
46:04 Elite War Elephant
48:12 Fletching
49:23 Blast Furnace
48:44 Chain Barding Armor
48:25 Padded Archer Armor
49:22 Bodkin Arrow
50:02 Plate Barding Armor
52:46 Chemistry
52:10 Ballistics
yarl
1:49 Loom
10:15 Feudal Age
10:58 Double-Bit Axe
10:55 Horse Collar
17:04 Castle Age
15:54 Stone Mining
16:16 Gold Mining
18:17 Bow Saw
18:09 Heavy Plow
19:46 Gold Shaft Mining
24:47 Caravan
28:51 Wheelbarrow
29:03 Forging
28:58 Scale Barding Armor
31:40 Imperial Age
29:33 Fletching
29:44 Padded Archer Armor
30:27 Ballistics
30:04 Murder Holes
30:51 Fortified Wall
31:19 Iron Casting
31:37 Hand Cart
31:35 Bodkin Arrow
31:56 Leather Archer Armor
32:06 Bloodlines
31:57 Husbandry
31:18 Light Cavalry
32:08 Devotion
32:58 Stone Shaft Mining
33:17 Crop Rotation
33:16 Conscription
32:18 Heavy Scorpion
34:06 Blast Furnace
34:14 Chemistry
33:23 Siege Engineers
33:35 Town Watch
34:07 Masonry
34:30 Chain Barding Armor
33:43 Hussar
35:59 Town Patrol
36:08 Bracer
37:47 Plate Barding Armor
38:22 Double Crossbow
39:10 Architecture
49:33 Elite Battle Elephant
50:52 Ring Archer Armor
50:23 Scale Mail Armor
krook
10:59 Feudal Age
11:31 Double-Bit Axe
11:27 Horse Collar
17:42 Castle Age
20:34 Town Watch
20:36 Loom
21:28 Wheelbarrow
21:14 Bow Saw
20:59 Fletching
26:22 Heavy Plow
27:01 Bodkin Arrow
30:46 Imperial Age
29:33 Chemistry
28:44 Fortified Wall
30:23 Ballistics
30:00 Murder Holes
32:16 Bracer
32:54 Scale Mail Armor
33:04 Forging
33:04 Siege Engineers
33:27 Houfnice
33:33 Pikeman
34:14 Squires
34:00 Arson
35:16 Halberdier
36:14 Chain Mail Armor
36:34 Iron Casting
36:24 Conscription
37:32 Plate Mail Armor
39:59 Blast Furnace
im just gettin lucky
10:02 Feudal Age
11:08 Double-Bit Axe
18:01 Castle Age
20:30 Bow Saw
29:20 Stone Mining
29:24 Gold Mining
34:13 Imperial Age
32:21 Wheelbarrow
33:10 Gold Shaft Mining
33:34 Hand Cart
35:20 Conscription
35:00 Warwolf
35:34 Yeomen
36:05 Elite Longbowman
37:00 Padded Archer Armor
36:51 Fletching
38:42 Horse Collar
40:06 Two-Man Saw
39:25 Leather Archer Armor
39:06 Bodkin Arrow
43:26 Chemistry
43:15 Ring Archer Armor
42:46 Bracer
OMUERTE
10:18 Feudal Age
15:30 Castle Age
太原老登
9:12 Feudal Age
14:35 Castle Age
13:12 Double-Bit Axe
16:13 Horse Collar
22:47 Bow Saw
22:58 Loom
23:36 Arson
23:52 Squires
23:37 Gambesons
25:00 Hamask
26:58 Forging
26:49 Scale Mail Armor
28:15 Caravan
29:04 Wheelbarrow
31:50 Imperial Age
30:22 Iron Casting
30:03 Chain Mail Armor
29:59 Stone Mining
30:08 Gold Mining
30:55 Heavy Plow
32:02 Stone Shaft Mining
32:37 Hand Cart
32:19 Elite Jomsviking
33:26 Conscription
33:50 Masonry
34:28 Elite Varangian Guard
37:37 Hoardings
37:03 Murder Holes
37:01 Pikeman
40:06 Blast Furnace
39:36 Plate Mail Armor
40:42 Halberdier
43:46 Fletching
44:29 Bodkin Arrow
45:06 Siege Engineers
46:03 Chemistry
Connection lost

Rejoining the realm…

Still unreachable

The connection could not be restored.

Session expired

The server has moved on; the page needs a fresh start.